 Dungeon Crawl Stone Soup version 0.31-a0-960-g0fca184906 (webtiles) character file.

Game seed: 8019557470553892112

196 jasper the Digger (level 5, -1/28 HPs)
             Began as a Deep Elf Earth Elementalist on Oct 23, 2023.
             Slain by Menkaure (24 damage)
             ... on level 4 of the Dungeon.
             The game lasted 00:02:55 (2010 turns).

jasper the Digger (Deep Elf Earth Elementalist)     Turns: 2010, Time: 00:02:56

Health: -1/28      AC:  2    Str:  5    XL:     5   Next: 45%
Magic:  15/20      EV: 12    Int: 22    God:
Gold:   103        SH:  0    Dex: 15    Spells: 4/10 levels left

rFire   . . .        j - +1 dagger (venom)
rCold   . . .        (no shield)
rNeg    . . .        a - +0 robe
rPois   .            (no helmet)
rElec   .            (no cloak)
rCorr   .            (no gloves)
SInv    .            (no boots)
Will    +....        (no amulet)
Stlth   ++           d - ring of magical power
HPRegen 0.24/turn    c - ring of willpower
MPRegen 0.17/turn

%: no passive effects
@: no status effects
A: no striking features
a: no special abilities


You were on level 4 of the Dungeon.
You visited 1 branch of the dungeon, and saw 4 of its levels.

You collected 103 gold pieces.

Inventory:

Hand Weapons
 j - a +1 dagger of venom (weapon)
Armour
 a - a +0 robe (worn)
Jewellery
 c - a ring of willpower (right hand)
 d - a ring of magical power (left hand)
Scrolls
 e - a scroll of identify
 g - a scroll of revelation
Potions
 b - a potion of magic
 f - a potion of enlightenment {unknown}
 h - a potion of attraction {unknown}
 i - a potion of haste {unknown}


   Skills:
 - Level 2.4 Dodging
 - Level 2.4 Stealth
 - Level 3.0 Spellcasting
 - Level 1.1 Transmutations
 + Level 6.8 Earth Magic


You had 4 spell levels left.
You knew the following spells:

 Your Spells              Type           Power      Damage    Failure   Level
a - Sandblast             Erth           66%        2d15      1%          1
b - Passwall              Tmut/Erth      16%        N/A       3%          2
c - Stone Arrow           Conj/Erth      36%        3d9       9%          3

Your spell library contained the following spells:

 Spells                   Type           Power      Damage    Failure   Level
 Petrify                  Tmut/Erth      20%        N/A       24%         4
 Brom's Barrelling Bould  Conj/Erth      18%        2d4       30%         4
 Ignite Poison            Fire/Tmut/Pois 4%         N/A       32%         3
 Dazzling Flash           Conj/Hex       6%         N/A       36%         3
 Volatile Blastmotes      Fire/Tloc      6%         2d10      36%         3
 Sticky Flame             Conj/Fire      3%         2d3       77%         4
 Starburst                Conj/Fire      1%         6d3       100%        6
 Ignition                 Fire           1%         3d3       100%        8
 Maxwell's Capacitive Co  Air            1%         ∞         100%        8


Dungeon Overview and Level Annotations

Branches:
Dungeon (4/15)
 Temple: D:4-7

Altars:
Makhleb
The Shining One

Annotations:
D:3 Terence
D:4 Menkaure


Message History

You now have 19/20 mp.
Aiming: Sandblast (safe; 1% risk of failure)
Press: ? - help, Q - select action, (/) - cycle Shift-Dir - straight line, f/p - orc wizard
Aim: an orc wizard, wielding a +0 dagger and wearing a +0 robe (severely wounded, 80% to hit)
The blast of sand misses the orc wizard.
The adder bites you but does no damage.
You now have 18/20 mp.
Aiming: Sandblast (safe; 1% risk of failure)
Press: ? - help, Q - select action, (/) - cycle Shift-Dir - straight line, f/p - orc wizard
Aim: an orc wizard, wielding a +0 dagger and wearing a +0 robe (severely wounded, 80% to hit)
The blast of sand hits the orc wizard!
You kill the orc wizard!
The adder barely misses you. The adder bites you.
Menkaure gestures wildly while chanting.
Menkaure seems to speed up.
You take 2 damage, and have 26/28 hp.
You now have 17/20 mp.
Aiming: Sandblast (safe; 1% risk of failure)
Press: ? - help, Q - select action, (/) - cycle Shift-Dir - straight line, f - adder
Aim: an adder (73% to hit)
The blast of sand hits the adder!
The adder is severely wounded.
The adder bites you. The adder closely misses you. The orc misses you.
You take 2 damage, and have 24/28 hp.
Aiming: Sandblast (safe; 1% risk of failure)
Press: ? - help, Q - select action, (/) - cycle Shift-Dir - straight line, f/p - adder
Aim: an adder (severely wounded, 73% to hit)
The blast of sand hits the adder but does no damage.
The adder is severely wounded.
The adder bites you.
A dart slug comes into view.
The adder bites you but does no damage. The orc barely misses you.
You take 1 damage, and have 23/28 hp.
You now have 16/20 mp.
Aiming: Sandblast (safe; 1% risk of failure)
Press: ? - help, Q - select action, (/) - cycle Shift-Dir - straight line, f/p - adder
Aim: an adder (severely wounded, 73% to hit)
The blast of sand hits the adder!!
You kill the adder!
Menkaure hits you!!
Ouch! That really hurt!
You die...

#)# #.# . w
#.# .#.# #
#.####.#.#.#
#..........
#..#.#.#.#
#........#
##..#.#[###..
#....@o).....
#.....M..^...
#............
#.###........
#.# #...##...
#.# #.#.# ..
#.# #.#... .
#.. ..####.
#. .#


You could see Menkaure (fast), a dart slug and an orc.

Vanquished Creatures
  2 orc priests (D:4)
  2 orc wizards (D:4)
  5 adders
  A worm (D:2)
  A dart slug (D:2)
  2 orcs (D:4)
  2 ball pythons
  7 bats
  An endoplasm (D:1)
  5 giant cockroaches
  3 goblins
  A hobgoblin (D:1)
  7 jackals (D:2)
  4 quokkas
  2 kobolds
  4 rats
49 creatures vanquished.

Notes
Turn   | Place    | Note
-------+----------+-------------------------------------------
     0 | D:1      | jasper the Deep Elf Earth Elementalist began the quest for
                  | the Orb.
     0 | D:1      | Reached XP level 1. HP: 10/10 MP: 6/6
   346 | D:1      | Reached skill level 4 in Earth Magic
   346 | D:1      | Reached XP level 2. HP: 15/15 MP: 6/8
   349 | D:1      | Learned a level 2 spell: Passwall
   778 | D:2      | Reached XP level 3. HP: 19/19 MP: 9/9
   782 | D:2      | Learned a level 3 spell: Stone Arrow
  1122 | D:2      | Reached skill level 5 in Earth Magic
  1708 | D:3      | Reached XP level 4. HP: 24/24 MP: 10/10
  1794 | D:3      | Found a burning altar of Makhleb.
  1796 | D:3      | Found a glowing golden altar of the Shining One.
  1820 | D:3      | Noticed Terence
  1873 | D:4      | Reached skill level 6 in Earth Magic
  1912 | D:4      | Reached XP level 5. HP: 23/28 MP: 11/11
  2004 | D:4      | Noticed Menkaure
  2010 | D:4      | Slain by Menkaure

Illustrated notes

Levels and vault maps discovered:
D:1:      lightli_arrival_quake, layout_loops_ring
D:2:      layout_basic
D:3:      layout_loops_corners, grunt_temple_overflow_open, uniq_terence,
          uniq_robin, uniq_grinder
D:4:      layout_loops_ring, uniq_menkaure, uniq_crazy_yiuf_cottage

Skill      XL: |  1  2  3  4 |
---------------+-------------+-----
Earth Magic    | 4 5 6 |  6.8
Dodging        | |  2.4
Stealth        | |  2.4
Spellcasting   | |  3.0
Transmutations | |  1.1

Action                     |  1- 3 |  4- 6 || total
---------------------------+-------+-------++-------
   Cast: Sandblast         |    51 |    22 ||    73
    Use: Scroll            |     2 |     1 ||     3
 Armour: Robe              |    14 |    10 ||    24
  Dodge: Dodged            |    16 |     5 ||    21

Table legend: (Time is in decaauts)
 A = Elapsed time spent in this place.
 B = Non-inter-level travel time spent in this place.
 C = Inter-level travel time spent in this place.
 D = Time resting spent in this place.
 E = Time spent auto-exploring this place.
 F = Levels seen in this place.
 G = Mean time per level.
                   A        B        C        D        E       F      G
               +--------+--------+--------+--------+--------+-----+--------+
         Total |   2043 |   2014 |     29 |    100 |   1617 |   4 |  510.8 |
       Dungeon |   2043 |   2014 |     29 |    100 |   1617 |   4 |  510.8 |
               +--------+--------+--------+--------+--------+-----+--------+

Top non-repeatable levels by time:
     D:2: 782 daAuts
     D:1: 751 daAuts
     D:3: 359 daAuts
     D:4: 150 daAuts
